AoeStats
← 76896859

Arabia

509918690Analyzed
1v1 RM · 3d ago on Sep 28, 2026· 29m 57s· 2 players
Game mode
Random Map
Map size
Tiny (2 player)
Population
200
Speed
Normal
Resources
Standard
Victory
Conquest
Starting age
Dark Age
Ending age
Imperial Age
RankedLock teamsTeams togetherTeam positionsShared explorationLock speedFull tech treeHidden civsTurbo modeCheats
Victory
Defeat
🇮🇹 Saracens · Italy
1071
+16
🇨🇳 Huns · China
1073
-16
Elficovich
6:48 Loom
9:41 Feudal Age
10:14 Double-Bit Axe
17:15 Fletching
23:12 Castle Age
22:35 Gold Mining
22:29 Horse Collar
23:20 Crossbowman
23:59 Bodkin Arrow
26:41 Padded Archer Armor
76896859
4:16 Loom
9:34 Feudal Age
10:17 Double-Bit Axe
11:38 Horse Collar
16:59 Wheelbarrow
22:22 Fletching
23:36 Fletching
29:56 Castle Age
Connection lost

Rejoining the realm…

Still unreachable

The connection could not be restored.

Session expired

The server has moved on; the page needs a fresh start.